General information
- name: BNet
- type: Ladder team game (AT/RT)
- host: Battle.net
- saver: Iscariot
map: Deathknell
- players: 8
- length: 36:18
- speed: Fast
- version: 1.26 W3XP
- replay type: Public
» download(236 KB)
Players
team 1 (winner)
SmallWiener (
teal | 29 APM | 1042 actions | 36:17)
3 Archmage
2 Blizzard
1 Summon Water Elemental
» actions
| Basic commands | 36 | |
| Build / train | 113 | |
| ESC pressed | 6 | |
| Enter build submenu | 58 | |
| Enter hero's abilities submenu | 3 | |
| Right click | 278 | |
| Select / deselect | 455 | |
| Use ability | 93 | |
1042 total
» units
| Peasant | 29 | |
| Footman | 10 | |
| Knight | 12 | |
| Priest | 11 | |
| Siege Engine | 6 | |
| Mortar Team | 3 | |
71 total
» upgrades
| Swords | 2 | |
| Plating | 3 | |
| Masonry | 3 | |
| Lumber Harvesting | 1 | |
| Gunpowder | 2 | |
| Priest Training | 2 | |
| Barrage | 1 | |
14 total
» buildings
| Farm | 16 | |
| Altar of Kings | 2 | |
| Barracks | 3 | |
| Lumber Mill | 2 | |
| Scout Tower | 22 | |
| Guard Tower | 17 | |
| Town Hall | 3 | |
| Keep | 2 | |
| Blacksmith | 2 | |
| Arcane Vault | 1 | |
| Castle | 2 | |
| Arcane Sanctum | 2 | |
| Workshop | 4 | |
78 total
» build order
00:42 Farm
00:44 Altar of Kings
01:10 Barracks
01:20 Farm
01:26 Lumber Mill
01:57 Scout Tower
02:06 Farm
02:30 Guard Tower
02:51 Farm
03:46 Scout Tower
04:26 Town Hall
04:37 Guard Tower
05:18 Scout Tower
06:02 Guard Tower
06:20 Keep
06:28 Scout Tower
06:30 Scout Tower
06:33 Blacksmith
07:29 Guard Tower
07:31 Guard Tower
07:35 Farm
07:40 Scout Tower
08:01 Arcane Vault
08:24 Barracks
08:44 Castle
09:06 Arcane Sanctum
09:26 Farm
09:28 Farm
09:29 Farm
09:45 Farm
10:00 Guard Tower
10:01 Scout Tower
10:04 Scout Tower
10:10 Farm
10:11 Farm
10:13 Farm
10:46 Guard Tower
10:54 Scout Tower
10:56 Scout Tower
11:21 Guard Tower
11:27 Guard Tower
11:27 Scout Tower
11:28 Scout Tower
11:57 Guard Tower
12:06 Farm
12:13 Farm
13:13 Workshop
13:17 Workshop
15:50 Scout Tower
16:29 Guard Tower
16:31 Scout Tower
17:14 Guard Tower
19:10 Scout Tower
19:55 Guard Tower
20:15 Scout Tower
20:17 Scout Tower
20:23 Scout Tower
20:49 Guard Tower
20:59 Guard Tower
21:01 Scout Tower
21:03 Scout Tower
21:41 Guard Tower
22:33 Scout Tower
22:42 Lumber Mill
23:59 Keep
24:06 Blacksmith
25:52 Scout Tower
26:30 Altar of Kings
26:40 Guard Tower
27:02 Castle
28:16 Workshop
28:25 Workshop
29:44 Town Hall
30:02 Barracks
31:17 Arcane Sanctum
32:48 Farm
33:03 Farm
34:43 Town Hall
» items
| Scroll of Town Portal | 1 | |
| Potion of Healing | 1 | |
| Potion of Mana | 1 | |
3 total

»
SPAZ_MAN_DAN (
yellow | 26 APM | 941 actions | 36:17)
6 Blademaster
1 Wind Walk
3 Critical Strike
1 Mirror Image
1 Bladestorm
5 Tauren Chieftain
3 War Stomp
1 Shockwave
1 Endurance Aura
» actions
| Basic commands | 61 | |
| Build / train | 70 | |
| Enter build submenu | 21 | |
| Enter hero's abilities submenu | 11 | |
| Give item / drop item | 1 | |
| Remove unit from queue | 4 | |
| Right click | 331 | |
| Select / deselect | 290 | |
| Use ability | 152 | |
941 total
» units
| Peon | 9 | |
| Troll Witch Doctor | 12 | |
| Shaman | 11 | |
32 total
» upgrades
| Spiked Barricades | 3 | |
| Shaman Training | 2 | |
| Witch Doctor Training | 2 | |
| Reinforced Defenses | 1 | |
8 total
» buildings
| Orc Burrow | 5 | |
| Altar of Storms | 1 | |
| Voodoo Lounge | 2 | |
| War Mill | 1 | |
| Stronghold | 2 | |
| Watch Tower | 8 | |
| Fortress | 1 | |
| Spirit Lodge | 2 | |
| Great Hall | 1 | |
23 total
» build order
00:09 Orc Burrow
00:15 Altar of Storms
00:55 Voodoo Lounge
01:14 War Mill
02:30 Stronghold
02:30 Stronghold
02:44 Orc Burrow
02:59 Watch Tower
03:09 Watch Tower
04:17 Orc Burrow
04:55 Fortress
05:20 Spirit Lodge
05:54 Spirit Lodge
06:32 Orc Burrow
06:48 Watch Tower
06:57 Voodoo Lounge
07:52 Watch Tower
09:26 Great Hall
10:29 Watch Tower
12:02 Orc Burrow
13:15 Watch Tower
15:33 Watch Tower
19:55 Watch Tower
» items
| Healing Salve | 3 | |
| Lesser Clarity Potion | 2 | |
| Orb of Lightning | 2 | |
| Scroll of Town Portal | 3 | |
10 total
Iscariot (
pink | 61 APM | 2231 actions | 36:18)
10 Blademaster
3 Wind Walk
3 Critical Strike
1 Bladestorm
3 Mirror Image
» actions
| Assign group hotkey | 121 | |
| Basic commands | 15 | |
| Build / train | 101 | |
| Enter build submenu | 62 | |
| Enter hero's abilities submenu | 10 | |
| Give item / drop item | 4 | |
| Right click | 910 | |
| Select / deselect | 462 | |
| Select group hotkey | 334 | |
| Use ability | 212 | |
2231 total
» units
| Peon | 18 | |
| Grunt | 9 | |
| Goblin Shredder | 1 | |
| Wind Rider | 3 | |
| Goblin Zeppelin | 2 | |
| Goblin Sapper | 10 | |
| Troll Batrider | 13 | |
56 total
» upgrades
| Ranged Weapons | 3 | |
| Armor | 3 | |
| Troll Regeneration | 1 | |
| Reinforced Defenses | 1 | |
| Liquid Fire | 1 | |
9 total
» buildings
| Orc Burrow | 5 | |
| Altar of Storms | 1 | |
| Barracks | 1 | |
| Voodoo Lounge | 4 | |
| Stronghold | 1 | |
| War Mill | 1 | |
| Great Hall | 3 | |
| Watch Tower | 37 | |
| Beastiary | 4 | |
| Fortress | 1 | |
58 total
» build order
00:12 Orc Burrow
00:51 Altar of Storms
00:52 Barracks
01:03 Orc Burrow
01:38 Voodoo Lounge
02:49 Stronghold
03:49 War Mill
03:51 Orc Burrow
05:14 Great Hall
05:18 Watch Tower
05:19 Watch Tower
05:20 Watch Tower
05:21 Watch Tower
06:15 Beastiary
07:16 Watch Tower
08:00 Beastiary
09:48 Great Hall
09:51 Watch Tower
09:51 Watch Tower
09:51 Voodoo Lounge
09:54 Watch Tower
09:54 Watch Tower
10:23 Watch Tower
10:37 Watch Tower
10:50 Orc Burrow
10:54 Watch Tower
11:03 Voodoo Lounge
11:06 Watch Tower
11:30 Orc Burrow
12:12 Fortress
13:59 Beastiary
14:03 Beastiary
19:30 Watch Tower
19:30 Watch Tower
19:31 Watch Tower
19:32 Watch Tower
19:33 Watch Tower
20:42 Great Hall
20:43 Watch Tower
20:45 Watch Tower
20:45 Watch Tower
20:59 Watch Tower
21:00 Watch Tower
21:41 Voodoo Lounge
26:25 Watch Tower
26:27 Watch Tower
26:28 Watch Tower
26:30 Watch Tower
31:35 Watch Tower
31:36 Watch Tower
31:36 Watch Tower
31:37 Watch Tower
31:37 Watch Tower
32:44 Watch Tower
32:45 Watch Tower
32:46 Watch Tower
32:48 Watch Tower
32:49 Watch Tower
» items
| Healing Salve | 8 | |
| Scroll of Town Portal | 2 | |
| Lesser Clarity Potion | 5 | |
| Potion of Healing | 3 | |
| Orb of Lightning | 1 | |
| Potion of Mana | 3 | |
22 total

»
Sparklebutt (
blue | 51 APM | 1855 actions | 36:17)
6 Crypt Lord
3 Carrion Beetles
2 Impale
1 Locust Swarm
» actions
| Assign group hotkey | 25 | |
| Build / train | 95 | |
| Enter build submenu | 32 | |
| Enter hero's abilities submenu | 8 | |
| Remove unit from queue | 2 | |
| Right click | 785 | |
| Select / deselect | 272 | |
| Select group hotkey | 582 | |
| Use ability | 54 | |
1855 total
» units
| Acolyte | 15 | |
| Ghoul | 28 | |
| Gargoyle | 13 | |
| Frost Wyrm | 10 | |
66 total
» upgrades
| Cannibalize | 1 | |
| Creature Attack | 3 | |
| Creature Carapace | 3 | |
| Stone Form | 1 | |
| Freezing Breath | 1 | |
9 total
» buildings
| Altar of Darkness | 2 | |
| Ziggurat | 10 | |
| Crypt | 3 | |
| Halls of the Dead | 1 | |
| Graveyard | 1 | |
| Spirit Tower | 1 | |
| Black Citadel | 1 | |
| Tomb of Relics | 1 | |
| Sacrificial Pit | 1 | |
| Boneyard | 2 | |
| Necropolis | 1 | |
24 total
» build order
00:24 Altar of Darkness
00:28 Ziggurat
00:54 Crypt
01:16 Crypt
01:57 Ziggurat
03:01 Ziggurat
06:22 Halls of the Dead
06:38 Graveyard
06:43 Ziggurat
06:48 Ziggurat
06:51 Ziggurat
06:58 Crypt
08:08 Spirit Tower
10:27 Black Citadel
15:00 Tomb of Relics
15:16 Ziggurat
15:19 Ziggurat
16:54 Sacrificial Pit
18:10 Boneyard
18:17 Boneyard
32:44 Necropolis
35:13 Ziggurat
35:16 Ziggurat
35:42 Altar of Darkness
» items
team 2 (loser)

»
SanAntonioSpurs (
orange | 50 APM | 1798 actions | 35:56)
8 Tauren Chieftain
3 War Stomp
3 Endurance Aura
1 Reincarnation
1 Shockwave
» actions
| Assign group hotkey | 18 | |
| Basic commands | 65 | |
| Build / train | 60 | |
| ESC pressed | 4 | |
| Enter build submenu | 16 | |
| Enter hero's abilities submenu | 9 | |
| Remove unit from queue | 1 | |
| Right click | 628 | |
| Select / deselect | 406 | |
| Select group hotkey | 455 | |
| Use ability | 136 | |
1798 total
» units
| Peon | 15 | |
| Shaman | 6 | |
| Tauren | 5 | |
| Troll Witch Doctor | 6 | |
| Spirit Walker | 3 | |
35 total
» upgrades
| Melee Weapons | 2 | |
| Armor | 1 | |
| Shaman Training | 2 | |
| Witch Doctor Training | 2 | |
| Spirit Walker Training | 2 | |
| Pulverize | 1 | |
10 total
» buildings
| Altar of Storms | 1 | |
| Orc Burrow | 7 | |
| Voodoo Lounge | 1 | |
| War Mill | 1 | |
| Stronghold | 3 | |
| Fortress | 1 | |
| Spirit Lodge | 2 | |
| Tauren Totem | 1 | |
17 total
» build order
00:04 Altar of Storms
00:07 Orc Burrow
00:38 Voodoo Lounge
01:06 War Mill
02:35 Stronghold
02:35 Stronghold
02:36 Stronghold
02:46 Orc Burrow
03:45 Orc Burrow
05:03 Fortress
05:06 Spirit Lodge
05:07 Spirit Lodge
07:28 Tauren Totem
08:11 Orc Burrow
09:07 Orc Burrow
10:07 Orc Burrow
11:03 Orc Burrow
» items
torrin (
green | 73 APM | 2654 actions | 36:10)
9 Tauren Chieftain
3 War Stomp
3 Endurance Aura
1 Reincarnation
2 Shockwave
» actions
| Assign group hotkey | 31 | |
| Build / train | 84 | |
| Enter build submenu | 21 | |
| Enter hero's abilities submenu | 9 | |
| Give item / drop item | 1 | |
| Right click | 1183 | |
| Select / deselect | 609 | |
| Select group hotkey | 656 | |
| Use ability | 60 | |
2654 total
» units
| Peon | 13 | |
| Grunt | 2 | |
| Troll Headhunter/Berserker | 17 | |
| Wind Rider | 6 | |
| Shaman | 13 | |
| Troll Batrider | 7 | |
| Raider | 1 | |
| Demolisher | 2 | |
61 total
» upgrades
| Armor | 2 | |
| Ranged Weapons | 2 | |
| Troll Regeneration | 1 | |
| Shaman Training | 2 | |
| Berserker Upgrade | 1 | |
| Envenomed Spears | 1 | |
| Liquid Fire | 1 | |
10 total
» buildings
| Altar of Storms | 1 | |
| Orc Burrow | 5 | |
| Barracks | 1 | |
| War Mill | 1 | |
| Voodoo Lounge | 1 | |
| Great Hall | 2 | |
| Stronghold | 1 | |
| Fortress | 1 | |
| Spirit Lodge | 1 | |
| Beastiary | 2 | |
| Watch Tower | 5 | |
21 total
» build order
00:05 Altar of Storms
00:20 Orc Burrow
00:35 Orc Burrow
01:27 Barracks
02:02 War Mill
02:18 Orc Burrow
03:10 Voodoo Lounge
05:05 Great Hall
05:28 Stronghold
06:03 Orc Burrow
08:04 Fortress
08:07 Spirit Lodge
08:21 Beastiary
08:22 Beastiary
10:31 Orc Burrow
19:35 Watch Tower
19:37 Watch Tower
19:39 Watch Tower
19:42 Watch Tower
19:44 Watch Tower
21:40 Great Hall
» items
stfu_n1gger (
red | 35 APM | 1266 actions | 36:00)
7 Blademaster
3 Wind Walk
3 Critical Strike
1 Bladestorm
4 Shadow Hunter
2 Healing Wave
2 Hex
3 Tauren Chieftain
2 Endurance Aura
1 War Stomp
» actions
| Assign group hotkey | 15 | |
| Build / train | 82 | |
| Enter build submenu | 44 | |
| Enter hero's abilities submenu | 14 | |
| Give item / drop item | 1 | |
| Right click | 445 | |
| Select / deselect | 299 | |
| Select group hotkey | 266 | |
| Use ability | 100 | |
1266 total
» units
| Peon | 18 | |
| Grunt | 4 | |
| Goblin Shredder | 1 | |
| Wind Rider | 9 | |
| Raider | 2 | |
| Troll Batrider | 7 | |
41 total
» upgrades
| Pillage | 1 | |
| Armor | 1 | |
| Spiked Barricades | 3 | |
| Melee Weapons | 1 | |
| Ranged Weapons | 1 | |
| Reinforced Defenses | 1 | |
| Liquid Fire | 1 | |
| Envenomed Spears | 1 | |
| Ensnare | 1 | |
11 total
» buildings
| Orc Burrow | 5 | |
| Altar of Storms | 1 | |
| Barracks | 1 | |
| War Mill | 1 | |
| Voodoo Lounge | 3 | |
| Stronghold | 1 | |
| Great Hall | 4 | |
| Watch Tower | 24 | |
| Beastiary | 2 | |
| Fortress | 1 | |
43 total
» build order
00:23 Orc Burrow
00:40 Altar of Storms
01:00 Barracks
01:53 Orc Burrow
01:58 War Mill
02:08 Voodoo Lounge
04:28 Stronghold
05:30 Great Hall
05:34 Watch Tower
05:38 Watch Tower
05:59 Orc Burrow
06:06 Orc Burrow
06:16 Watch Tower
07:03 Beastiary
07:12 Watch Tower
08:17 Beastiary
08:37 Voodoo Lounge
09:03 Watch Tower
09:15 Fortress
10:28 Watch Tower
10:46 Orc Burrow
12:12 Watch Tower
12:21 Watch Tower
12:52 Watch Tower
13:01 Watch Tower
13:44 Watch Tower
14:10 Watch Tower
14:51 Watch Tower
15:17 Watch Tower
15:59 Great Hall
16:13 Watch Tower
22:49 Great Hall
22:53 Watch Tower
22:55 Watch Tower
23:35 Watch Tower
23:51 Watch Tower
23:55 Watch Tower
23:59 Watch Tower
24:13 Voodoo Lounge
24:20 Watch Tower
24:29 Watch Tower
24:57 Watch Tower
28:24 Great Hall
» items
| Scroll of Speed | 1 | |
| Healing Salve | 3 | |
| Scroll of Town Portal | 2 | |
| Orb of Lightning | 2 | |
| Lesser Clarity Potion | 1 | |
| Potion of Healing | 1 | |
10 total
Jadess (
purple | 83 APM | 3020 actions | 36:17)
4 Demon Hunter
1 Immolation
2 Mana Burn
1 Evasion
2 Priestess of the Moon
1 Trueshot Aura
1 Searing Arrows
» actions
| Assign group hotkey | 29 | |
| Basic commands | 9 | |
| Build / train | 97 | |
| Enter build submenu | 32 | |
| Enter hero's abilities submenu | 6 | |
| Give item / drop item | 2 | |
| Remove unit from queue | 4 | |
| Right click | 1219 | |
| Select / deselect | 828 | |
| Select group hotkey | 692 | |
| Use ability | 102 | |
3020 total
» units
| Wisp | 23 | |
| Archer | 5 | |
| Huntress | 4 | |
| Goblin Shredder | 1 | |
| Goblin Zeppelin | 1 | |
| Hippogryph | 26 | |
| Chimaera | 1 | |
61 total
» upgrades
| Strength of the Moon | 1 | |
| Sentinel | 2 | |
| Backpack | 1 | |
| Ultravision | 1 | |
| Strength of the Wild | 3 | |
| Well Spring | 1 | |
| Nature's Blessing | 1 | |
| Reinforced Hides | 2 | |
12 total
» buildings
| Moon Well | 9 | |
| Altar of Elders | 2 | |
| Ancient of War | 1 | |
| Hunter's Hall | 1 | |
| Ancient of Wonders | 1 | |
| Tree of Ages | 1 | |
| Ancient Protector | 8 | |
| Tree of Life | 4 | |
| Ancient of Wind | 2 | |
| Tree of Eternity | 1 | |
| Chimaera Roost | 2 | |
| Ancient of Lore | 1 | |
33 total
» build order
00:14 Moon Well
00:19 Altar of Elders
01:40 Moon Well
02:06 Ancient of War
02:18 Hunter's Hall
02:36 Ancient of Wonders
03:36 Moon Well
04:53 Tree of Ages
05:03 Ancient Protector
06:10 Tree of Life
06:36 Moon Well
08:28 Moon Well
09:51 Ancient of Wind
10:23 Moon Well
11:56 Moon Well
12:51 Tree of Eternity
13:10 Ancient Protector
14:48 Moon Well
14:53 Moon Well
15:01 Ancient Protector
15:08 Ancient Protector
15:17 Ancient Protector
15:20 Ancient Protector
16:23 Ancient of Wind
17:16 Ancient Protector
20:17 Tree of Life
22:02 Chimaera Roost
22:49 Chimaera Roost
23:23 Ancient Protector
24:33 Tree of Life
28:36 Ancient of Lore
31:54 Altar of Elders
33:54 Tree of Life
» items
| Potion of Healing | 4 | |
| Scroll of Town Portal | 2 | |
| Orb of Lightning | 1 | |
| Orb of Venom | 1 | |
| Potion of Mana | 1 | |
| Healing Salve | 1 | |
10 total
Chat log
(00:14 / All) stfu_n1gger: spaz ur clan sucks
(00:36 / All) Iscariot: yo mama sucks
(00:38 / All) SPAZ_MAN_DAN: i know it went down really quick
(00:42 / All) Iscariot: sucked off the whole hood
(00:55 / All) stfu_n1gger: i cant stay in that clan
(01:48 / All) stfu_n1gger: id stay in a clan if spamming would stop someone is fucking with clans spanming there channels
(02:17 / All) SPAZ_MAN_DAN: also main channels
(02:36 / All) stfu_n1gger: ya i go night elf tree of life channe;l
(03:05 / All) SmallWiener: i usually go to the channel clans_are_fucking_gay
(03:07 / All) SmallWiener: it rules
(04:13 / Allies) Iscariot: faggot
(04:20 / Allies) Sparklebutt: um okay
(04:57 / Allies) Iscariot: you make me sick you fucking melvin
(05:17 / Allies) Sparklebutt: what the fuck does that even mean? i didnt realize you got to claim the expansions you fucking baby
(05:27 / All) SmallWiener: no.. he gets em all
(05:31 / Allies) Sparklebutt: lucky boy
(05:39 / Allies) Iscariot: Rushes to fucking inside exxpo
(05:40 / Allies) Sparklebutt: does anyone need lumber?
(05:42 / Allies) Iscariot: doesn't even creep
(05:45 / Allies) SmallWiener: so
(05:47 / Allies) Sparklebutt: fuck no i dont
(05:48 / Allies) Iscariot: Stupid bitch
(05:53 / Allies) Sparklebutt: i want my expo as fast as i can
(05:56 / Allies) SmallWiener: he finds dual more important
(06:00 / Allies) SmallWiener: whats the problem
(06:00 / Allies) Iscariot: Now I gotta babysit this expo before getting shreddar
(06:13 / Allies) SmallWiener: ah.. you only know how to play one way
(06:15 / Allies) SmallWiener: so its his fault
(06:16 / Allies) Sparklebutt: so you wanted me to take the outside one? to make it easier on you?
(06:18 / Allies) Sparklebutt: got it
(06:45 / Allies) SmallWiener: u messed up his "plan"
(06:53 / Allies) Iscariot: Blue is 10-27 you fucking goof
(06:58 / Allies) SmallWiener: so
(07:00 / Allies) SmallWiener: go yellow
(07:02 / Allies) Iscariot: garbage
(07:12 / Allies) Sparklebutt: and? i dont give a flying fuck if i am awesome at this game
(07:19 / Allies) SmallWiener: he probably goes outside his house at least once a week
(07:34 / Allies) Sparklebutt: i am a female, and yes, i leave my home
(08:07 / Allies) Iscariot: We lose
(08:12 / Allies) SmallWiener: cause u suck pink
(08:24 / Allies) Iscariot: Cuz blue has to have protected expo and he can't carry
(08:26 / Allies) Sparklebutt: im sorry i messed your plans up
(08:36 / Allies) SmallWiener: whats the difference if its you or him there
(08:43 / Allies) Iscariot: Because I'm good and he isn't
(08:49 / Allies) Sparklebutt: im a she bud
(08:56 / Allies) SmallWiener: so if your good you should be on the outside
(09:10 / Allies) SmallWiener: to help the 'noob'
(10:21 / Allies) Sparklebutt: i guess it didn't matter did it?
(10:31 / Allies) Iscariot: I would have had towers retard
(10:46 / Allies) Sparklebutt: im not wasting money on an expo this early
(10:49 / Allies) Sparklebutt: that onl helps myself
(11:00 / Allies) Iscariot: this is why you're 10-27
(11:10 / Allies) Sparklebutt: again, like i give a flying fuck
(11:22 / Allies) Iscariot: don't give strat tips
(11:46 / Allies) Sparklebutt: im not sure that i was
(14:51 / Allies) Sparklebutt: im out
(15:05 / Allies) Iscariot: lumber
(15:56 / Allies) Sparklebutt: buying tp
(17:34 / Allies) Sparklebutt: okay pink thanks
(20:16 / All) stfu_n1gger: whats up with the towe r noob shit
(20:48 / Allies) Iscariot: lumber
(21:30 / All) torrin: fag
(21:33 / All) Iscariot: lawl
(23:06 / All) torrin: run fuker lol
(25:32 / All) torrin: hiy
(25:47 / Allies) Iscariot: tp
(25:49 / Allies) Sparklebutt: and? go get it
(25:58 / Allies) Sparklebutt: i cant kill them alone
(25:59 / All) Iscariot: Blue is retarded
(26:03 / Allies) Iscariot: I ahd towers idiot
(26:12 / Allies) Sparklebutt: im done
(26:14 / Allies) Iscariot: You have less than 100 IQ
(26:14 / Allies) Sparklebutt: this is a waste of time
(26:54 / Allies) Iscariot: come all
(27:30 / Allies) Sparklebutt: smart
(27:35 / Allies) Iscariot: It attacked on its own
(29:14 / All) stfu_n1gger: u guys suck make mh more obvious
(29:31 / All) Sparklebutt: look at my record clearly i dont mh
(29:38 / All) stfu_n1gger: not u
(29:41 / All) stfu_n1gger: yellow
(29:51 / All) stfu_n1gger: mayb pink
(30:16 / All) SanAntonioSpurs: one of em has mh
(30:33 / All) Iscariot: It's called map control newbie
(31:18 / All) torrin: its call u suk
(31:29 / All) Iscariot: k
(31:41 / All) torrin: dont
(31:50 / All) torrin: go fight them
(31:57 / All) torrin: to much tower
(33:09 / All) SPAZ_MAN_DAN: that was weird lost control
(34:52 / Allies) Iscariot: come focus orange tc
(34:56 / Allies) Iscariot: blue
(35:03 / Allies) Iscariot: focus orange tc
(35:04 / Allies) Sparklebutt: shhhh im trying to save my hero
(35:41 / Allies) Iscariot: from 3 tc
(35:46 / Allies) Iscariot: so don't control anything elsee while you run your hero
(35:49 / Allies) Iscariot: 20 APM fool
(35:54 / Allies) Sparklebutt: i had 200 hitpoints bud
(35:58 / Allies) Sparklebutt: i am a fool
(36:00 / Allies) Iscariot: Wooooooooo
(36:05 / Allies) SmallWiener: hold blue.. i heal
(36:13 / Allies) Iscariot: it's undead
(36:16 / Allies) Iscariot: oh